 Dungeon Crawl Stone Soup version 0.30.0-29-ga12c61a403 (webtiles) character file.

Game seed: 4827598821913181642

59182 qw the Severer (level 14, -6/90 HPs)
             Began as a Gargoyle Fighter on June 4, 2023.
             Was an Elder of Okawaru.
             Mangled by a meliai
             ... wielding a +0 war axe
              (11 damage)
             ... on level 13 of the Dungeon.
             The game lasted 00:10:07 (18133 turns).

qw the Severer (Gargoyle Fighter)                  Turns: 18133, Time: 00:10:08

Health: -6/90      AC: 35    Str: 25    XL:     14   Next: 93%
Magic:  20/21      EV: 14    Int:  9    God:    Okawaru [****..]
Gold:   1335       SH: 13    Dex:  9    Spells: 13/13 levels left

rFire   + + .        Y - +7 war axe
rCold   + . .        z - +0 kite shield
rNeg    + + .        x - +3 plate armour {rF+}
rPois   inf          s - +0 helmet
rElec   +            a - scarf {rC+ rF+}
rCorr   .            h - +0 pair of gloves
SInv    .            t - +0 pair of boots
Will    +....        y - amulet of faith Stlth
                     q - ring of positive energy
HPRegen 0.35/turn    g - +5 ring of evasion
MPRegen 0.17/turn

%: faith
@: about to teleport, heroic, flying
A: sickness immunity, AC +10, big wings, negative energy resistance 1,
electricity resistance, torment resistance 1, petrification resistance
a: Renounce Religion, Heroism, Finesse


You were on level 13 of the Dungeon.
You worshipped Okawaru.
Okawaru was greatly pleased with you.
You visited 3 branches of the dungeon, and saw 19 of its levels.

You collected 1607 gold pieces.
You spent 272 gold pieces at shops.


Innate Abilities, Weirdness & Mutations

You are immune to sickness and miasma.
Your stone body is resilient. (AC +10)
You are immune to poison.
Your large and strong wings let you fly.
You resist negative energy. (rN+)
You are resistant to electric shocks. (rElec)
You are resistant to unholy torment.
You are immune to petrification.


   Skills:
 - Level 11.1(16.1) Fighting
 - Level 15.0(20.0) Axes
 - Level 6.1(11.1) Throwing
 + Level 10.3(15.3) Armour
 - Level 2.3(7.3) Dodging
 - Level 12.0(17.0) Shields
 - Level 10.1 Invocations


You had 13 spell levels left.
You didn't know any spells.
Your spell library was empty.

Inventory:

Hand Weapons
 D - a +0 morningstar
 Y - a +7 war axe (weapon)
Missiles
 o - 3 javelins
 r - 9 boomerangs
 A - a silver javelin (quivered)
Armour
 a - a scarf of resistance (worn)
 h - a +0 pair of gloves (worn)
 s - a +0 helmet (worn)
 t - a +0 pair of boots (worn)
 w - the +3 pearl dragon scales of Terror {Harm *Corrode +Inv rN+ Int+2 Stlth-}
   (Okawaru gifted it to you on level 4 of the Lair of Beasts)

   Int:       It affects your intelligence (+2).
   rN:        It protects you from negative energy.
   +Inv:      It lets you turn invisible.
   *Corrode:  It may corrode you when you take damage.
   Harm:      It increases damage dealt and taken.
   Stlth:     It makes you less stealthy.
 x - a +3 plate armour of fire resistance (worn)
 z - a +0 kite shield (worn)
Jewellery
 c - a ring of fire
 g - a +5 ring of evasion (right hand)
 q - a ring of positive energy (left hand)
 u - an amulet of reflection
 y - an amulet of faith (around neck)
 B - the ring of Xom's Sleight of Hands {rElec Will+ Str-5 Int+6 Dex+3}
   (You found it on level 5 of the Lair of Beasts)

   [ring of intelligence]

   Str:       It affects your strength (-5).
   Int:       It affects your intelligence (+6).
   Dex:       It affects your dexterity (+3).
   rElec:     It insulates you from electricity.
   Will:      It increases your willpower.
Scrolls
 b - 10 scrolls of identify
 m - a scroll of teleportation
Potions
 d - 2 potions of might
 e - 2 potions of magic
 i - a potion of haste
 j - 12 potions of curing
 k - 4 potions of attraction
 l - a potion of mutation
 n - a potion of resistance
 p - 4 potions of cancellation
 v - 3 potions of lignification

Dungeon Overview and Level Annotations

Branches:
Dungeon (13/15)            Temple (1/1) D:6            Lair (5/5) D:10
 Shoals (0/4) Lair:2       Spider (0/4) Lair:2        Slime (0/5) Lair:4
    Orc (0/2) D:11
 Vaults: D:13-14

Altars:
Ashenzari
Cheibriados
Dithmenos
Elyvilon
Fedhas
Gozag
Hepliaklqana
Kikubaaqudgha
Makhleb
Nemelex Xobeh
Okawaru
Qazlal
Ru
Sif Muna
Trog
Uskayaw
Vehumet
Wu Jian
Xom
Yredelemnul
Zin
The Shining One
Jiyva
Lugonu

Shops:
D:10 :   D:12 ?

Annotations:
D:3 1 runed translucent door, qw's ghost, amateur GrFi
D:7 2 transporters
D:8 1 transporter
Lair:3 3 runed translucent doors, qw's ghost, journeyman GrFi
Lair:5 1 runed translucent door


Message History

You miss the meliai. You slash the meliai! You block the meliai's attack.
The meliai stings you! The meliai hits you with a +0 war axe.
The meliai misses you. You block the meliai's attack.
The meliai closely misses you. x2
You block the meliai's attack.
You barely miss the meliai.
The meliai is severely wounded.
You closely miss the tengu warrior. You closely miss the meliai.
The tengu warrior hits you but does no damage.
The tengu warrior completely misses you.
The tengu warrior claws you. The meliai hits you but does no damage.
The meliai stings you but does no damage.
The meliai mumbles some strange prayers to its god against you.
Something smites you!
18131 ||| READING 2 scrolls of teleportation.
As you read the scroll of teleportation, it crumbles to dust.
You feel strangely unstable.
The meliai mumbles some strange prayers to its god against you.
Something smites you! The meliai completely misses you.
The meliai stings you but does no damage.
You block the meliai's attack.
The meliai stings you but does no damage.
The meliai closely misses you. x2
The tengu warrior hits you but does no damage.
The tengu warrior closely misses you.
The tengu warrior claws you but does no damage.
18132 ||| DRINKING potion of heal wounds.
You feel much better.
The meliai mumbles some strange prayers to its god against you.
Something smites you! The meliai closely misses you.
You block the meliai's attack. The meliai hits you but does no damage.
The meliai stings you but does no damage.
The meliai calls down the wrath of its god upon you.
Something smites you!
You slice the meliai!!
You kill the meliai!
Okawaru accepts your kill.
You hit the tengu warrior. You hit the meliai.
The meliai hits you with a +0 war axe!
You die...

#^# #..##.# #.# #.(##>#
#.# #..##.# #.# #..##*#
#.# #..##Q# #.# #..##.#
#.# #..##Q#
#.##########..##@####..
..............#.y).....!
..##########......####..
#.# #.##...# #.#
#.####.# #.# ..> <# #.#
.... .. #.# ..#.## ##.
#.. #.##.# .#


You could see a tengu warrior, a tengu conjurer, a meliai and a battlesphere
(distracted).

Vanquished Creatures
  A dire elephant (Lair:5)
  Azrael (D:12)
  4 hydras
  3 boulder beetles
  Erica (D:11)
  A two-headed ogre (D:11)
  3 death yaks (Lair:5)
  Nergalle (Lair:1)
  A skyshark (Lair:2)
  2 lindwurms (Lair:5)
  A deep elf pyromancer (D:12)
  An ugly thing (D:12)
  An oklob plant (Lair:1)
  A manticore (D:12)
  19 elephants
  3 black mambas
  11 cane toads
  5 torpor snails (Lair:5)
  An unseen horror (D:12)
  A kobold demonologist (D:9)
  5 rime drakes
  10 komodo dragons
  6 trolls
  11 hornets
  2 meliai (D:13)
  11 polar bears
  3 tyrant leeches (Lair:5)
  A raiju (Lair:5)
  A dream sheep (Lair:2)
  31 blink frogs
  4 culicivoras (Lair:2)
  A shadow (D:12)
  A vampire (D:12)
  5 wyverns
  20 yaks
  5 fire elementals (D:12)
  3 vampire mosquitoes (D:12)
  A steam dragon (D:9)
  A basilisk (Lair:1)
  An acid dragon (D:11)
  4 wargs (Lair:5)
  13 water moccasins
  16 hell hounds (Lair:5)
  5 orc warriors
  13 black bears
  4 ice beasts
  6 ogres
  12 centaurs
  32 wolves
  A kobold brigand (D:9)
  7 bullfrogs
  A scorpion (D:6)
  9 wights (D:8)
  6 killer bees (D:10)
  2 howler monkeys
  4 gnoll boudas
  2 jellies
  4 hounds
  7 orc priests
  6 hell rats (Lair:1)
  16 orc wizards
  3 sleepcaps (D:5)
  Robin (D:3)
  18 gnolls
  5 adders
  A shadow imp (D:6)
  A worm (D:3)
  3 dart slugs
  41 orcs
  5 bats
  6 endoplasms
  12 goblins
  9 hobgoblins
  8 jackals
  8 quokkas
  6 ball pythons
  4 frilled lizards
  15 kobolds
  7 rats
  3 butterflies (Lair:4)
511 creatures vanquished.

Notes
Turn   | Place    | Note
-------+----------+-------------------------------------------
     0 | D:1      | qw the Gargoyle Fighter began the quest for the Orb.
     0 | D:1      | Reached XP level 1. HP: 14/14 MP: 1/1
     0 | D:1      | 0 ||| qw: Version: 0.2-a-106-g05974ce
     0 | D:1      | 0 ||| qw: Game counter: 1137
     0 | D:1      | 0 ||| qw: Always use a shield: true
     0 | D:1      | 0 ||| qw: God list: Okawaru
     0 | D:1      | 0 ||| qw: Allow faded altars: false
     0 | D:1      | 0 ||| qw: Do Orc after D:15 true
     0 | D:1      | 0 ||| qw: Do second Lair branch before Depths: true
     0 | D:1      | 0 ||| qw: Lair rune preference: random
     0 | D:1      | 0 ||| qw: Plans: Normal, Zot:1-4, Slime:5, God:TSO, Crypt,
                  | Tomb, Abyss, Pan, Hells, Win
     0 | D:1      | 0 ||| PLANNING D:1-11
    34 | D:1      | Reached skill level 2 in Axes
    34 | D:1      | Reached XP level 2. HP: 9/19 MP: 2/2
    34 | D:1      | 34 ||| FLEEEEING.
    35 | D:1      | 35 ||| FLEEEEING.
    36 | D:1      | 36 ||| Stepping ~*~*~tactically~*~*~ (stealth).
   218 | D:1      | 218 ||| Stepping ~*~*~tactically~*~*~ (stealth).
   220 | D:1      | 220 ||| Stepping ~*~*~tactically~*~*~ (stealth).
   294 | D:1      | Reached skill level 3 in Axes
   310 | D:1      | 310 ||| Stepping ~*~*~tactically~*~*~ (hiding).
   311 | D:1      | 311 ||| Stepping ~*~*~tactically~*~*~ (hiding).
   425 | D:1      | Reached XP level 3. HP: 16/23 MP: 3/3
   941 | D:1      | 941 ||| UPGRADING to +0 pair of gloves.
   946 | D:1      | 946 ||| UPGRADING to +0 plate armour.
   956 | D:1      | 956 ||| DROPPING +0 scale mail.
   957 | D:1      | 957 ||| READING scroll labelled OVAEJACIEB.
   958 | D:1      | 958 ||| READING scroll labelled DYAFRAILLO.
   959 | D:1      | 959 ||| READING 2 scrolls labelled IKLUZO ZUCSIYMAF.
   960 | D:1      | 960 ||| READING 3 scrolls labelled UNYLAL QULEONI.
   961 | D:1      | 961 ||| DRINKING 2 fizzy blue potions.
   962 | D:1      | 962 ||| DRINKING 2 black potions.
   963 | D:1      | 963 ||| DROPPING potion of flight.
   964 | D:1      | 964 ||| DROPPING scroll of vulnerability.
   965 | D:1      | 965 ||| DROPPING 2 scrolls of blinking.
   985 | D:2      | 985 ||| STAIRDANCE
  1010 | D:2      | 1010 ||| Stepping ~*~*~tactically~*~*~ (stealth).
  1016 | D:2      | Reached XP level 4. HP: 27/28 MP: 4/4
  1020 | D:2      | Reached skill level 4 in Axes
  1040 | D:2      | 1040 ||| Stepping ~*~*~tactically~*~*~ (stealth).
  1042 | D:2      | 1042 ||| Stepping ~*~*~tactically~*~*~ (hiding).
  1181 | D:2      | 1181 ||| Stepping ~*~*~tactically~*~*~ (stealth).
  1182 | D:2      | 1182 ||| Stepping ~*~*~tactically~*~*~ (stealth).
  1184 | D:2      | 1184 ||| Stepping ~*~*~tactically~*~*~ (hiding).
  1275 | D:2      | Found a glowing golden altar of the Shining One.
  1286 | D:2      | Found a faded altar of an unknown god.
  1330 | D:2      | Reached skill level 1 in Throwing
  1396 | D:2      | Reached XP level 5. HP: 32/32 MP: 5/5
  1573 | D:2      | 1573 ||| READING scroll labelled CAOTSAC WUPEEWK.
  1577 | D:2      | 1577 ||| READING scroll labelled NISOAC VITZ.
  1578 | D:2      | 1578 ||| READING scroll labelled VIAF ITEPHE.
  1579 | D:2      | 1579 ||| DRINKING 2 viscous orange potions.
  1580 | D:2      | 1580 ||| READING 3 scrolls of identify.
  1580 | D:2      | 1580 ||| IDENTIFYING metallic white potion
  1581 | D:2      | 1581 ||| READING 2 scrolls of identify.
  1581 | D:2      | 1581 ||| IDENTIFYING metallic emerald potion
  1635 | D:3      | 1635 ||| Stepping ~*~*~tactically~*~*~ (stealth).
  1637 | D:3      | 1637 ||| Stepping ~*~*~tactically~*~*~ (hiding).
  1769 | D:3      | Noticed qw's ghost (amateur GrFi)
  1770 | D:3      | Found a runed translucent door.
  1842 | D:3      | 1842 ||| Stepping ~*~*~tactically~*~*~ (stealth).
  1846 | D:3      | Noticed Robin
  1847 | D:3      | 1847 ||| Stepping ~*~*~tactically~*~*~ (hiding).
  1848 | D:3      | 1848 ||| Stepping ~*~*~tactically~*~*~ (stealth).
  1849 | D:3      | 1849 ||| Stepping ~*~*~tactically~*~*~ (hiding).
  1850 | D:3      | 1850 ||| Stepping ~*~*~tactically~*~*~ (hiding).
  1856 | D:3      | Killed Robin
  2047 | D:3      | 2047 ||| Stepping ~*~*~tactically~*~*~ (hiding).
  2048 | D:3      | 2048 ||| Stepping ~*~*~tactically~*~*~ (hiding).
  2224 | D:3      | Found a snail-covered altar of Cheibriados.
  2331 | D:3      | Found Faxzi's Armour Boutique.
  2452 | D:3      | 2452 ||| UPGRADING to scarf of resistance.
  2457 | D:3      | 2457 ||| UPGRADING to +0 helmet.
  2462 | D:3      | 2462 ||| UPGRADING to ring of positive energy.
  2463 | D:3      | 2463 ||| READING scroll labelled RULUOZ OCWASU.
  2464 | D:3      | 2464 ||| READING scroll labelled GUOTEN SEYZO.
  2565 | D:3      | 2565 ||| READING scroll labelled ECSEURH MIPPIS.
  2583 | D:3      | 2583 ||| READING scroll labelled LUXTAE QUGY.
  2584 | D:3      | 2584 ||| DRINKING 5 fuming yellow potions.
  2585 | D:3      | 2585 ||| READING 3 scrolls of identify.
  2585 | D:3      | 2585 ||| IDENTIFYING pink potion
  2586 | D:3      | 2586 ||| READING 2 scrolls of identify.
  2586 | D:3      | 2586 ||| IDENTIFYING viscous red potion
  2587 | D:3      | 2587 ||| DROPPING potion of degeneration.
  2641 | D:4      | Found an ornate altar of the Wu Jian Council.
  2643 | D:4      | Found a sacrificial altar of Ru.
  2742 | D:4      | Noticed an ogre
  2752 | D:4      | Killed an ogre
  2753 | D:4      | Reached skill level 5 in Axes
  2753 | D:4      | Reached XP level 6. HP: 18/37 MP: 6/6
  2908 | D:4      | 2908 ||| Stepping ~*~*~tactically~*~*~ (stealth).
  3012 | D:4      | 3012 ||| UPGRADING to +5 ring of evasion.
  3036 | D:5      | Entered Level 5 of the Dungeon
  3090 | D:5      | Noticed an ice beast
  3090 | D:5      | Noticed a black bear
  3091 | D:5      | 3091 ||| Stepping ~*~*~tactically~*~*~ (hiding).
  3092 | D:5      | 3092 ||| Stepping ~*~*~tactically~*~*~ (hiding).
  3093 | D:5      | 3093 ||| Stepping ~*~*~tactically~*~*~ (hiding).
  3094 | D:5      | 3094 ||| Stepping ~*~*~tactically~*~*~ (hiding).
  3105 | D:5      | Killed a black bear
  3106 | D:5      | Reached skill level 6 in Axes
  3106 | D:5      | Reached XP level 7. HP: 36/43 MP: 7/7
  3320 | D:5      | 3320 ||| Stepping ~*~*~tactically~*~*~ (hiding).
  3326 | D:5      | Reached skill level 7 in Axes
  3469 | D:5      | 3469 ||| Stepping ~*~*~tactically~*~*~ (hiding).
  3484 | D:5      | 3484 ||| Stepping ~*~*~tactically~*~*~ (stealth).
  3485 | D:5      | 3485 ||| Stepping ~*~*~tactically~*~*~ (stealth).
  3486 | D:5      | 3486 ||| Stepping ~*~*~tactically~*~*~ (stealth).
  3675 | D:5      | Found an opulent altar of Gozag.
  3754 | D:5      | HP: 10/44 [ogre/+0 giant club (24)]
  3755 | D:5      | 3755 ||| READING 5 scrolls of teleportation.
  3756 | D:5      | 3756 ||| DRINKING 4 potions of heal wounds.
  3759 | D:5      | Reached XP level 8. HP: 32/49 MP: 8/8
  3881 | D:5      | 3881 ||| UPGRADING to +0 pair of boots.
  3891 | D:5      | 3891 ||| UPGRADING to amulet of reflection.
  3898 | D:5      | 3898 ||| READING scroll labelled QETUASMOIM.
  3899 | D:5      | 3899 ||| READING 4 scrolls of identify.
  3899 | D:5      | 3899 ||| IDENTIFYING clear potion
  3961 | D:6      | 3961 ||| Stepping ~*~*~tactically~*~*~ (hiding).
  3965 | D:6      | 3965 ||| Stepping ~*~*~tactically~*~*~ (hiding).
  3966 | D:6      | 3966 ||| Stepping ~*~*~tactically~*~*~ (hiding).
  4145 | D:6      | Reached skill level 1 in Dodging
  4163 | D:6      | Found a staircase to the Ecumenical Temple.
  4165 | D:6      | 4165 ||| PLANNING TEMPLE
  4165 | D:6      | 4165 ||| DROPPING amulet of the acrobat.
  4166 | D:6      | 4166 ||| READING scroll labelled WUABICS TYUCU.
  4173 | Temple   | Entered the Ecumenical Temple
  4242 | Temple   | 4242 ||| PLANNING OKAWARU WORSHIP
  4367 | Temple   | Became a worshipper of Warmaster Okawaru
  4367 | Temple   | 4367 ||| PLANNING D:1-11
  4416 | D:6      | 4416 ||| DROPPING +3 whip of venom.
  4685 | D:6      | 4685 ||| READING 3 scrolls of identify.
  4685 | D:6      | 4685 ||| IDENTIFYING silvery potion
  4686 | D:6      | 4686 ||| DROPPING potion of invisibility.
  4752 | D:7      | 4752 ||| DRINKING 4 potions of curing.
  4752 | D:7      | 4752 ||| (to cure confusion)
  4864 | D:7      | 4864 ||| Stepping ~*~*~tactically~*~*~ (stealth).
  4865 | D:7      | 4865 ||| Stepping ~*~*~tactically~*~*~ (stealth).
  5130 | D:7      | 5130 ||| Stepping ~*~*~tactically~*~*~ (hiding).
  5136 | D:7      | Reached skill level 8 in Axes
  5161 | D:7      | Noticed a cyan ugly thing
  5162 | D:7      | Found a transporter.
  5163 | D:7      | Noticed a green ugly thing
  5164 | D:7      | Found a transporter.
  5165 | D:7      | Noticed a red ugly thing
  5166 | D:7      | Found a corrupted altar of Lugonu.
  5166 | D:7      | Noticed an ancient zyme
  5166 | D:7      | Noticed a purple ugly thing
  5430 | D:7      | 5430 ||| READING 2 scrolls of identify.
  5430 | D:7      | 5430 ||| IDENTIFYING golden potion
  5501 | D:8      | 5501 ||| Stepping ~*~*~tactically~*~*~ (stealth).
  5508 | D:8      | Reached * piety under Okawaru
  5509 | D:8      | Reached skill level 6 in Fighting
  5509 | D:8      | 5509 ||| INVOKING Heroism.
  5515 | D:8      | Reached skill level 6 in Armour
  5515 | D:8      | Reached XP level 9. HP: 46/55 MP: 6/9
  5521 | D:8      | 5521 ||| INVOKING Heroism.
  5534 | D:8      | 5534 ||| INVOKING Heroism.
  5546 | D:8      | 5546 ||| INVOKING Heroism.
  5638 | D:8      | 5638 ||| SWAPPING to +5 war axe.
  5639 | D:8      | 5639 ||| DROPPING +0 war axe.
  5694 | D:8      | Reached skill level 9 in Axes
  5762 | D:8      | Noticed a hornet
  5772 | D:8      | Killed a hornet
  5915 | D:8      | Reached skill level 3 in Invocations
  6044 | D:8      | Found a transporter.
  6242 | D:8      | 6242 ||| UPGRADING to +0 plate armour of fire resistance.
  6252 | D:8      | 6252 ||| DROPPING +0 plate armour.
  6293 | D:9      | 6293 ||| INVOKING Heroism.
  6320 | D:9      | Noticed a kobold demonologist
  6330 | D:9      | Noticed a sun demon
  6333 | D:9      | Noticed a sun demon
  6333 | D:9      | Killed a kobold demonologist
  6373 | D:9      | 6373 ||| INVOKING Heroism.
  6376 | D:9      | Reached XP level 10. HP: 17/63 MP: 10/13
  6378 | D:9      | HP: 9/63 [yak (9)]
  6379 | D:9      | 6379 ||| READING 6 scrolls of teleportation.
  6380 | D:9      | 6380 ||| DRINKING 6 potions of heal wounds.
  6382 | D:9      | 6382 ||| DRINKING 5 potions of heal wounds.
  6384 | D:9      | Reached skill level 10 in Axes
  6507 | D:9      | 6507 ||| Stepping ~*~*~tactically~*~*~ (hiding).
  6508 | D:9      | 6508 ||| Stepping ~*~*~tactically~*~*~ (hiding).
  6548 | D:9      | Reached ** piety under Okawaru
  6615 | D:9      | 6615 ||| Stepping ~*~*~tactically~*~*~ (hiding).
  6616 | D:9      | 6616 ||| INVOKING Heroism.
  6717 | D:9      | 6717 ||| INVOKING Heroism.
  6718 | D:9      | 6718 ||| Stepping ~*~*~tactically~*~*~ (hiding).
  6949 | D:9      | 6949 ||| Stepping ~*~*~tactically~*~*~ (stealth).
  7049 | D:9      | 7049 ||| Stepping ~*~*~tactically~*~*~ (hiding).
  7208 | D:9      | 7208 ||| INVOKING Heroism.
  7266 | D:9      | 7266 ||| UPGRADING to +2 buckler.
  7276 | D:9      | 7276 ||| DROPPING +0 buckler.
  7277 | D:9      | 7277 ||| DROPPING +2 buckler.
  7278 | D:9      | 7278 ||| READING scroll labelled HEFYIJ TAOSUO.
  7316 | D:10     | Entered Level 10 of the Dungeon
  7395 | D:10     | 7395 ||| INVOKING Heroism.
  7504 | D:10     | Found a staircase to the Lair.
  7656 | D:10     | 7656 ||| Stepping ~*~*~tactically~*~*~ (hiding).
  7739 | D:10     | 7739 ||| INVOKING Heroism.
  7772 | D:10     | 7772 ||| INVOKING Heroism.
  7827 | D:10     | 7827 ||| Stepping ~*~*~tactically~*~*~ (stealth).
  7828 | D:10     | 7828 ||| Stepping ~*~*~tactically~*~*~ (stealth).
  7829 | D:10     | 7829 ||| Stepping ~*~*~tactically~*~*~ (stealth).
  7865 | D:10     | Reached skill level 11 in Axes
  7918 | D:10     | 7918 ||| Stepping ~*~*~tactically~*~*~ (stealth).
  7923 | D:10     | 7923 ||| Stepping ~*~*~tactically~*~*~ (hiding).
  7924 | D:10     | 7924 ||| Stepping ~*~*~tactically~*~*~ (hiding).
  7939 | D:10     | 7939 ||| Stepping ~*~*~tactically~*~*~ (stealth).
  7962 | D:10     | Found Ofuo's Book Shoppe.
  7964 | D:10     | 7964 ||| Stepping ~*~*~tactically~*~*~ (hiding).
  8270 | D:10     | Found a hide-covered altar of Uskayaw.
  8325 | D:10     | 8325 ||| PLANNING LAIR
  8325 | D:10     | 8325 ||| READING 3 scrolls of identify.
  8325 | D:10     | 8325 ||| IDENTIFYING lumpy coppery potion
  8326 | D:10     | 8326 ||| DROPPING potion of berserk rage.
  8369 | Lair:1   | Entered Level 1 of the Lair of Beasts
  8374 | Lair:1   | Noticed an oklob plant
  8375 | Lair:1   | 8375 ||| INVOKING Heroism.
  8386 | Lair:1   | Noticed a cane toad
  8391 | Lair:1   | Reached XP level 11. HP: 63/68 MP: 12/14
  8399 | Lair:1   | Noticed Nergalle
  8402 | Lair:1   | Reached skill level 9 in Fighting
  8405 | Lair:1   | Reached *** piety under Okawaru
  8413 | Lair:1   | HP: 11/71 [elephant (10)]
  8414 | Lair:1   | 8414 ||| READING 5 scrolls of teleportation.
  8415 | Lair:1   | 8415 ||| DRINKING 4 potions of heal wounds.
  8416 | Lair:1   | 8416 ||| INVOKING Heroism.
  8587 | Lair:1   | 8587 ||| Stepping ~*~*~tactically~*~*~ (stealth).
  8588 | Lair:1   | 8588 ||| INVOKING Heroism.
  8663 | Lair:1   | 8663 ||| Stepping ~*~*~tactically~*~*~ (stealth).
  8664 | Lair:1   | 8664 ||| Stepping ~*~*~tactically~*~*~ (stealth).
  8665 | Lair:1   | 8665 ||| Stepping ~*~*~tactically~*~*~ (stealth).
  8667 | Lair:1   | 8667 ||| INVOKING Heroism.
  8670 | Lair:1   | Noticed a spectral orc warlord
  8672 | Lair:1   | Noticed a spectral orc warlord
  8678 | Lair:1   | Killed Nergalle
  8706 | Lair:1   | 8706 ||| Stepping ~*~*~tactically~*~*~ (stealth).
  8724 | Lair:1   | 8724 ||| INVOKING Heroism.
  8792 | Lair:1   | 8792 ||| Stepping ~*~*~tactically~*~*~ (stealth).
  8794 | Lair:1   | 8794 ||| INVOKING Heroism.
  8803 | Lair:1   | Reached skill level 12 in Axes
  8861 | Lair:1   | 8861 ||| Stepping ~*~*~tactically~*~*~ (stealth).
  8870 | Lair:1   | Reached skill level 9 in Armour
  8892 | Lair:1   | 8892 ||| INVOKING Heroism.
  8900 | Lair:1   | Reached **** piety under Okawaru
  8901 | Lair:1   | Reached skill level 6 in Shields
  8939 | Lair:1   | 8939 ||| INVOKING Heroism.
  8975 | Lair:1   | 8975 ||| INVOKING Heroism.
  8990 | Lair:1   | Killed an oklob plant
  9170 | Lair:1   | 9170 ||| READING scroll of enchant armour.
  9170 | Lair:1   | 9170 ||| ENCHANTING +0 plate armour of fire resistance.
  9433 | Lair:1   | 9433 ||| READING scroll labelled TAITY YJEL.
  9434 | Lair:1   | 9434 ||| READING 2 scrolls of identify.
  9434 | Lair:1   | 9434 ||| IDENTIFYING viscous emerald potion
  9543 | Lair:2   | Noticed a skyshark
  9544 | Lair:2   | 9544 ||| Stepping ~*~*~tactically~*~*~ (stealth).
  9554 | Lair:2   | Killed a skyshark
  9595 | Lair:2   | Reached XP level 12. HP: 77/77 MP: 15/15
  9679 | Lair:2   | 9679 ||| INVOKING Heroism.
  9715 | Lair:2   | You fall into a shaft and drop 2 floors!
  9716 | Lair:4   | 9716 ||| INVOKING Heroism.
  9727 | Lair:4   | Reached skill level 6 in Invocations
  9748 | Lair:4   | Reached ***** piety under Okawaru
  9753 | Lair:4   | 9753 ||| INVOKING Heroism.
  9860 | Lair:4   | 9860 ||| READING 2 scrolls of identify.
  9860 | Lair:4   | 9860 ||| IDENTIFYING smoky grey potion
  9861 | Lair:4   | 9861 ||| DROPPING potion of brilliance.
  9865 | Lair:4   | 9865 ||| INVOKING Heroism.
  9992 | Lair:3   | 9992 ||| INVOKING Heroism.
 10050 | Lair:3   | 10050 ||| Stepping ~*~*~tactically~*~*~ (stealth).
 10051 | Lair:3   | 10051 ||| Stepping ~*~*~tactically~*~*~ (stealth).
 10052 | Lair:3   | 10052 ||| Stepping ~*~*~tactically~*~*~ (stealth).
 10064 | Lair:3   | 10064 ||| INVOKING Heroism.
 10076 | Lair:3   | Reached skill level 13 in Axes
 10077 | Lair:3   | HP: 16/77 [cane toad (6)]
 10078 | Lair:3   | 10078 ||| READING 4 scrolls of teleportation.
 10079 | Lair:3   | 10079 ||| DRINKING 4 potions of heal wounds.
 10098 | Lair:3   | Received a gift from Okawaru
 10111 | Lair:3   | 10111 ||| INVOKING Heroism.
 10115 | Lair:3   | 10115 ||| FLEEEEING.
 10116 | Lair:3   | 10116 ||| FLEEEEING.
 10117 | Lair:3   | 10117 ||| FLEEEEING.
 10118 | Lair:3   | 10118 ||| FLEEEEING.
 10119 | Lair:3   | 10119 ||| FLEEEEING.
 10120 | Lair:3   | 10120 ||| STAIRDANCE
 10277 | Lair:2   | 10277 ||| Stepping ~*~*~tactically~*~*~ (hiding).
 10289 | Lair:2   | Reached skill level 9 in Invocations
 10341 | Lair:2   | Found a hole to the Spider Nest.
 10346 | Lair:2   | 10346 ||| Stepping ~*~*~tactically~*~*~ (hiding).
 10360 | Lair:2   | 10360 ||| INVOKING Heroism.
 10492 | Lair:2   | 10492 ||| Stepping ~*~*~tactically~*~*~ (hiding).
 10539 | Lair:2   | 10539 ||| INVOKING Heroism.
 10626 | Lair:2   | Found a staircase to the Shoals.
 10763 | Lair:2   | 10763 ||| INVOKING Heroism.
 10781 | Lair:2   | Reached XP level 13. HP: 82/82 MP: 20/20
 10918 | Lair:2   | 10918 ||| INVOKING Heroism.
 10919 | Lair:2   | 10919 ||| SWAPPING to +0 flail.
 10942 | Lair:2   | 10942 ||| SWAPPING to +6 war axe.
 11462 | Lair:2   | 11462 ||| UPGRADING to +0 kite shield.
 11472 | Lair:2   | 11472 ||| DROPPING +2 buckler.
 11473 | Lair:2   | 11473 ||| READING 2 scrolls of identify.
 11473 | Lair:2   | 11473 ||| IDENTIFYING metallic blue potion
 11474 | Lair:2   | 11474 ||| DROPPING potion of ambrosia.
 11517 | Lair:3   | 11517 ||| INVOKING Heroism.
 11558 | Lair:3   | 11558 ||| STAIRDANCE
 11633 | Lair:3   | 11633 ||| INVOKING Heroism.
 11715 | Lair:3   | Identified the +5 quarterstaff of Tension {freeze, +Blink
                  | rPois rF- rC+++}
 11857 | Lair:3   | Found a runed translucent gate.
 11858 | Lair:3   | Found a runed translucent gate.
 11858 | Lair:3   | Noticed qw's ghost (journeyman GrFi)
 11859 | Lair:3   | Found a runed translucent gate.
 12105 | Lair:3   | 12105 ||| DROPPING ring of magical power.
 12179 | Lair:4   | Identified the +3 pearl dragon scales of Terror {Harm
                  | *Corrode +Inv rN+ Int+2 Stlth-} (Okawaru gifted it to you
                  | on level 4 of the Lair of Beasts)
 12179 | Lair:4   | Received a gift from Okawaru
 12216 | Lair:4   | 12216 ||| INVOKING Heroism.
 12218 | Lair:4   | 12218 ||| Stepping ~*~*~tactically~*~*~ (stealth).
 12378 | Lair:4   | Found a viscous altar of Jiyva.
 12383 | Lair:4   | Found a staircase to the Slime Pits.
 12539 | Lair:4   | 12539 ||| INVOKING Heroism.
 12540 | Lair:4   | 12540 ||| SWAPPING to +0 flail.
 12548 | Lair:4   | HP: 19/82 [five-headed hydra (11)]
 12549 | Lair:4   | 12549 ||| READING 4 scrolls of teleportation.
 12550 | Lair:4   | 12550 ||| DRINKING 3 potions of heal wounds.
 12553 | Lair:4   | 12553 ||| SWAPPING to +6 war axe.
 12603 | Lair:4   | 12603 ||| FLEEEEING.
 12613 | Lair:4   | 12613 ||| STAIRDANCE
 12731 | Lair:3   | 12731 ||| READING scroll labelled TUARGHY ENTUANA.
 12769 | Lair:4   | 12769 ||| INVOKING Heroism.
 12774 | Lair:4   | 12774 ||| SWAPPING to +0 flail.
 12777 | Lair:4   | 12777 ||| SWAPPING to +6 war axe.
 12865 | Lair:4   | 12865 ||| READING scroll of enchant armour.
 12865 | Lair:4   | 12865 ||| ENCHANTING +1 plate armour of fire resistance.
 12979 | Lair:4   | 12979 ||| UPGRADING to amulet of faith.
 13033 | Lair:4   | 13033 ||| INVOKING Heroism.
 13039 | Lair:4   | 13039 ||| SWAPPING to +0 flail.
 13045 | Lair:4   | Reached skill level 9 in Shields
 13045 | Lair:4   | 13045 ||| SWAPPING to +6 war axe.
 13054 | Lair:5   | Entered Level 5 of the Lair of Beasts
 13104 | Lair:5   | Found a runed translucent door.
 13105 | Lair:5   | Noticed an ice dragon
 13106 | Lair:5   | 13106 ||| INVOKING Heroism.
 13218 | Lair:5   | 13218 ||| INVOKING Heroism.
 13300 | Lair:5   | 13300 ||| INVOKING Heroism.
 13359 | Lair:5   | 13359 ||| INVOKING Heroism.
 13361 | Lair:5   | 13361 ||| Stepping ~*~*~tactically~*~*~ (stealth).
 13363 | Lair:5   | 13363 ||| Stepping ~*~*~tactically~*~*~ (stealth).
 13513 | Lair:5   | 13513 ||| FLEEEEING.
 13515 | Lair:5   | 13515 ||| FLEEEEING.
 13516 | Lair:5   | 13516 ||| FLEEEEING.
 13517 | Lair:5   | 13517 ||| FLEEEEING.
 13518 | Lair:5   | 13518 ||| FLEEEEING.
 13519 | Lair:5   | 13519 ||| FLEEEEING.
 13520 | Lair:5   | 13520 ||| FLEEEEING.
 13521 | Lair:5   | 13521 ||| FLEEEEING.
 13523 | Lair:5   | 13523 ||| FLEEEEING.
 13525 | Lair:5   | 13525 ||| INVOKING Heroism.
 13573 | Lair:5   | 13573 ||| INVOKING Heroism.
 13590 | Lair:5   | 13590 ||| INVOKING Heroism.
 13590 | Lair:5   | HP: 19/82 [hornet (4)]
 13591 | Lair:5   | 13591 ||| READING 3 scrolls of teleportation.
 13592 | Lair:5   | 13592 ||| DRINKING 2 potions of heal wounds.
 13601 | Lair:5   | Received a gift from Okawaru
 13611 | Lair:5   | HP: 18/82 [komodo dragon (12)]
 13612 | Lair:5   | 13612 ||| READING 2 scrolls of teleportation.
 13613 | Lair:5   | 13613 ||| DRINKING potion of heal wounds.
 13633 | Lair:5   | 13633 ||| FLEEEEING.
 13640 | Lair:5   | 13640 ||| STAIRDANCE
 13774 | Lair:5   | 13774 ||| STAIRDANCE
 13839 | Lair:5   | Reached skill level 14 in Axes
 13861 | Lair:5   | 13861 ||| Stepping ~*~*~tactically~*~*~ (stealth).
 13862 | Lair:5   | 13862 ||| Stepping ~*~*~tactically~*~*~ (stealth).
 13863 | Lair:5   | 13863 ||| Stepping ~*~*~tactically~*~*~ (stealth).
 13897 | Lair:5   | 13897 ||| INVOKING Heroism.
 13943 | Lair:5   | 13943 ||| INVOKING Heroism.
 13948 | Lair:5   | 13948 ||| Stepping ~*~*~tactically~*~*~ (hiding).
 13950 | Lair:5   | 13950 ||| Stepping ~*~*~tactically~*~*~ (hiding).
 13965 | Lair:5   | Gained mutation: Your large and strong wings let you fly.
                  | [Gargoyle growth]
 13965 | Lair:5   | Reached XP level 14. HP: 87/88 MP: 21/21
 14199 | Lair:5   | 14199 ||| Stepping ~*~*~tactically~*~*~ (stealth).
 14349 | Lair:5   | 14349 ||| Stepping ~*~*~tactically~*~*~ (stealth).
 14351 | Lair:5   | 14351 ||| Stepping ~*~*~tactically~*~*~ (stealth).
 14352 | Lair:5   | 14352 ||| INVOKING Heroism.
 14372 | Lair:5   | Received a gift from Okawaru
 14373 | Lair:5   | Reached skill level 3 in Throwing
 14535 | Lair:5   | 14535 ||| Stepping ~*~*~tactically~*~*~ (hiding).
 14580 | Lair:5   | 14580 ||| Stepping ~*~*~tactically~*~*~ (stealth).
 14590 | Lair:5   | 14590 ||| Stepping ~*~*~tactically~*~*~ (stealth).
 14638 | Lair:5   | 14638 ||| Stepping ~*~*~tactically~*~*~ (stealth).
 14639 | Lair:5   | 14639 ||| Stepping ~*~*~tactically~*~*~ (stealth).
 14641 | Lair:5   | 14641 ||| Stepping ~*~*~tactically~*~*~ (stealth).
 14650 | Lair:5   | 14650 ||| INVOKING Heroism.
 14685 | Lair:5   | Identified the ring of Xom's Sleight of Hands {rElec Will+
                  | Str-5 Int+6 Dex+3}
 14695 | Lair:5   | Noticed a dire elephant
 14701 | Lair:5   | 14701 ||| INVOKING Heroism.
 14714 | Lair:5   | Killed a dire elephant
 14715 | Lair:5   | HP: 21/90 [polar bear (9)]
 14716 | Lair:5   | 14716 ||| READING scroll of teleportation.
 15015 | Lair:5   | 15015 ||| INVOKING Heroism.
 15044 | Lair:5   | Reached skill level 12 in Shields
 15177 | Lair:5   | 15177 ||| INVOKING Heroism.
 15328 | Lair:5   | 15328 ||| Stepping ~*~*~tactically~*~*~ (stealth).
 15334 | Lair:5   | 15334 ||| Stepping ~*~*~tactically~*~*~ (hiding).
 15443 | Lair:5   | 15443 ||| Stepping ~*~*~tactically~*~*~ (hiding).
 15453 | Lair:5   | Received a gift from Okawaru
 15470 | Lair:5   | 15470 ||| Stepping ~*~*~tactically~*~*~ (stealth).
 15808 | Lair:5   | 15808 ||| PLANNING D:1-11
 15919 | D:11     | Identified the +7 hand axe of the Delicate God {flame,
                  | *Rage rElec SInv Stlth+} (Okawaru gifted it to you on level
                  | 11 of the Dungeon)
 15919 | D:11     | Received a gift from Okawaru
 15943 | D:11     | 15943 ||| Stepping ~*~*~tactically~*~*~ (hiding).
 15953 | D:11     | Noticed Erica
 15954 | D:11     | 15954 ||| INVOKING Heroism.
 15955 | D:11     | 15955 ||| INVOKING Finesse.
 15965 | D:11     | 15965 ||| Stepping ~*~*~tactically~*~*~ (hiding).
 15978 | D:11     | Killed Erica
 15979 | D:11     | Reached skill level 6 in Throwing
 15980 | D:11     | 15980 ||| Stepping ~*~*~tactically~*~*~ (hiding).
 15986 | D:11     | 15986 ||| Stepping ~*~*~tactically~*~*~ (hiding).
 15997 | D:11     | 15997 ||| FLEEEEING.
 16027 | D:11     | 16027 ||| INVOKING Heroism.
 16149 | D:11     | Found a staircase to the Orcish Mines.
 16222 | D:11     | 16222 ||| Stepping ~*~*~tactically~*~*~ (stealth).
 16240 | D:11     | 16240 ||| INVOKING Heroism.
 16730 | D:11     | Found a shimmering blue altar of Sif Muna.
 16794 | D:11     | 16794 ||| PLANNING D
 16935 | D:12     | 16935 ||| Stepping ~*~*~tactically~*~*~ (hiding).
 17065 | D:12     | 17065 ||| INVOKING Heroism.
 17112 | D:12     | 17112 ||| INVOKING Heroism.
 17289 | D:12     | Found Jibradgh's Magic Scroll Boutique.
 17295 | D:12     | 17295 ||| BUYING scroll of enchant armour (97 gold).
 17295 | D:12     | Bought a scroll of enchant armour for 97 gold pieces
 17295 | D:12     | 17295 ||| BUYING scroll of enchant weapon (97 gold).
 17295 | D:12     | Bought a scroll of enchant weapon for 97 gold pieces
 17295 | D:12     | 17295 ||| BUYING scroll of identify (26 gold).
 17295 | D:12     | Bought a scroll of identify for 26 gold pieces
 17295 | D:12     | 17295 ||| BUYING scroll of identify (26 gold).
 17295 | D:12     | Bought a scroll of identify for 26 gold pieces
 17295 | D:12     | 17295 ||| BUYING scroll of identify (26 gold).
 17295 | D:12     | Bought a scroll of identify for 26 gold pieces
 17295 | D:12     | 17295 ||| READING scroll of enchant armour.
 17295 | D:12     | 17295 ||| ENCHANTING +2 plate armour of fire resistance.
 17296 | D:12     | 17296 ||| READING scroll of enchant weapon.
 17296 | D:12     | 17296 ||| ENCHANTING +6 war axe.
 17377 | D:12     | 17377 ||| Stepping ~*~*~tactically~*~*~ (hiding).
 17492 | D:12     | Noticed Azrael
 17493 | D:12     | 17493 ||| INVOKING Heroism.
 17515 | D:12     | Reached skill level 15 in Axes
 17522 | D:12     | Killed Azrael
 17522 | D:12     | Received a gift from Okawaru
 17746 | D:12     | 17746 ||| INVOKING Heroism.
 17853 | D:12     | 17853 ||| DROPPING +0 flail.
 18118 | D:13     | 18118 ||| Stepping ~*~*~tactically~*~*~ (hiding).
 18122 | D:13     | 18122 ||| INVOKING Heroism.
 18130 | D:13     | HP: 18/90 [meliai/divine providence (11)]
 18131 | D:13     | 18131 ||| READING 2 scrolls of teleportation.
 18131 | D:13     | HP: 6/90 [meliai/divine providence (12)]
 18132 | D:13     | 18132 ||| DRINKING potion of heal wounds.
 18133 | D:13     | Mangled by a meliai

Levels and vault maps discovered:
D:1:      scummos_arrival_simple_crosswalls, layout_rooms, st_stairs_5,
          chequers_serial_rivers_small_a, minivault_5, minivault_5
D:2:      layout_rooms, basic_ecumenical_altar, basic_altar,
          minmay_indecisive_spiral
D:3:      layout_basic, kennysheep_slug_shrine, serial_shops,
          nicolae_shop_trees, hellmonk_ghost_happy_afterlife, uniq_robin
D:4:      layout_basic, nicolae_overflow_squiral,
          hangedman_abyss_or_decor_passed
D:5:      minmay_opposing_rooms, layout_rooms, general_overflow_altar,
          serial_bayou_pond_c
D:6:      layout_basic, minmay_temple_entry_overgrown
D:7:      gammafunk_corrupted_shrine, layout_loops_ring
D:8:      layout_basic, nicolae_diode_basic
D:9:      layout_irregular_city
D:10:     layout_irregular_city, lemuel_coloured_pillars_altar,
          hellmonk_lair_entry_icy, serial_shops, shop
D:11:     layout_roguey, erik_orc_3, nicolae_sif_muna_little_library, uniq_erica
D:12:     layout_irregular_city, serial_shops, shop, drop_trap, minivault_12,
          uniq_azrael
D:13:     layout_loops_ring, trove_entry_hex_spiral, introduction_to_nature_1
Temple:   bh_familiar_temple
Lair:1:   layout_loops_ring, st_stairs_4, minmay_lair_oklob_bushes,
          uniq_nergalle
Lair:2:   nzn_winding_woodlands_three_and_one
          [nzn_winding_woodlands_5x15_pockets, nzn_winding_woodlands_5x15_eye,
          nzn_winding_woodlands_5x15_split_checker,
          nzn_winding_woodlands_center_diamonds], layout_regular_city,
          minmay_shoals_entry_centaurs, hellmonk_spider_entry_life_and_decay,
          eino_small_chamber_without_monster, dreamdust_wasp_nest
Lair:3:   layout_cave_shapes, gammafunk_ghost_hydra_chop,
          infiniplex_staircase_pool, serial_bayou_shore_b
Lair:4:   layout_cave_shapes, dpeg_slime_entry_corner,
          hangedman_lair_generics_rect, lemuel_fruit_fields,
          serial_bayou_shore_b
Lair:5:   wormcave, layout_gridlike, hangedman_lair_caniforms_friends

Skill      XL: |  1  2  3  4  5  6  7  8  9 10 11 12 13 14 |
---------------+-------------------------------------------+-----
Axes           | 2 3 4 5 6 7 8 9 11 12 13 14 15 | 15.0
Throwing       | 1 2 6 |  6.1
Fighting       | 4 5 6 7 8 10 11 | 11.1
Armour         | 4 6 7 9 10 | 10.3
Dodging        | 1 2 |  2.3
Invocations    | 4 5 9 10 | 10.1
Shields        | 4 5 6 11 12 | 12.0

Action                     |  1- 3 |  4- 6 |  7- 9 | 10-12 | 13-15 || total
---------------------------+-------+-------+-------+-------+-------++-------
  Melee: War axe           |    97 |   148 |   282 |   511 |   716 ||  1754
         Flail             |       |       |       |       |    39 ||    39
  Throw: Javelin           |       |    17 |       |       |    45 ||    62
         Boomerang         |       |       |    44 |    80 |    85 ||   209
 Invoke: Heroism           |       |       |     6 |    25 |    29 ||    60
         Finesse           |       |       |       |       |     1 ||     1
    Use: Scroll            |     4 |    11 |     6 |     9 |    10 ||    40
         Potion            |     2 |     2 |     2 |     4 |     4 ||    14
 Armour: Scale mail        |    42 |       |       |       |       ||    42
         Plate armour      |    12 |   109 |   118 |   225 |   442 ||   906
  Dodge: Dodged            |    48 |    61 |   129 |   259 |   385 ||   882
  Block: Buckler           |    15 |    33 |   120 |   334 |    49 ||   551
         Reflection        |       |       |       |     6 |       ||     6
         Kite shield       |       |       |       |       |   480 ||   480

Table legend:
 A = Non-vault XP
 B = Vault XP
 C = Vault XP percentage of total XP
 D = Non-vault monster count
 E = Vault monster count
 F = Vault count percentage of total count
                 A         B        C        D         E       F
            +---------+---------+-------+---------+---------+-------
      Total |   54065 |   30778 |  36.3 |     354 |     154 |  30.3
            +---------+---------+-------+---------+---------+-------
        D:1 |      72 |       4 |   5.3 |      29 |       3 |   9.4
        D:2 |      69 |      22 |  24.2 |      15 |       4 |  21.1
        D:3 |      52 |      30 |  36.6 |      20 |       8 |  28.6
        D:4 |     189 |       0 |   0.0 |       7 |       0 |   0.0
        D:5 |     416 |     444 |  51.6 |      10 |      10 |  50.0
        D:6 |     333 |       0 |   0.0 |       9 |       0 |   0.0
        D:7 |     538 |       0 |   0.0 |      19 |       0 |   0.0
        D:8 |    1553 |       0 |   0.0 |      17 |       0 |   0.0
        D:9 |    2869 |       0 |   0.0 |      41 |       0 |   0.0
       D:10 |    1162 |    1077 |  48.1 |      19 |       7 |  26.9
       D:11 |    3417 |    1493 |  30.4 |      12 |      18 |  60.0
       D:12 |    5791 |    1960 |  25.3 |      23 |       6 |  20.7
       D:13 |     574 |       0 |   0.0 |       2 |       0 |   0.0
     Lair:1 |    7146 |    1362 |  16.0 |      29 |       2 |   6.5
     Lair:2 |    4096 |    4320 |  51.3 |      17 |      15 |  46.9
     Lair:3 |    9253 |       0 |   0.0 |      33 |       0 |   0.0
     Lair:4 |    5520 |    2880 |  34.3 |      18 |       6 |  25.0
     Lair:5 |   11015 |   17186 |  60.9 |      34 |      75 |  68.8
            +---------+---------+-------+---------+---------+-------
